 Dungeon Crawl Stone Soup version 0.31-a0-175-g9f7f995f2b (webtiles) character file.

Game seed: 7078158451482180870

42 qw the Chopper (level 3, -2/23 HPs)
             Began as a Gargoyle Fighter on June 16, 2023.
             Slain by a hound (5 damage)
             ... on level 4 of the Dungeon.
             The game lasted 00:00:31 (782 turns).

qw the Chopper (Gargoyle Fighter)                    Turns: 782, Time: 00:00:32

Health: -2/23      AC: 10    Str: 21    XL:     3   Next: 56%
Magic:  3/3        EV:  9    Int:  8    God:
Gold:   74         SH:  4    Dex:  9    Spells: 2/2 levels left

rFire   . . .        Y - +0 war axe
rCold   . . .        c - +0 buckler
rNeg    + . .        b - +0 scale mail
rPois   inf          (no helmet)
rElec   +            (no cloak)
rCorr   .            (no gloves)
SInv    .            (no boots)
Will    .....        (no amulet) Stlth
                     (no ring)
HPRegen 0.23/turn    (no ring)
MPRegen 0.08/turn

%: no passive effects
@: no status effects
A: sickness immunity, AC +3, negative energy resistance 1, electricity
resistance, torment resistance 1, petrification resistance
a: no special abilities


You were on level 4 of the Dungeon.
You visited 1 branch of the dungeon, and saw 3 of its levels.

You collected 74 gold pieces.


Innate Abilities, Weirdness & Mutations

You are immune to sickness and miasma.
Your stone body is resilient. (AC +3)
You are immune to poison.
You resist negative energy. (rN+)
You are resistant to electric shocks. (rElec)
You are resistant to unholy torment.
You are immune to petrification.


   Skills:
 - Level 3.2 Fighting
 + Level 3.5 Axes
 - Level 3.2 Armour
 - Level 3.2 Shields


You had 2 spell levels left.
You didn't know any spells.
Your spell library was empty.

Inventory:

Hand Weapons
 j - a +0 whip
 Y - a +0 war axe (weapon)
Armour
 b - a +0 scale mail (worn)
 c - a +0 buckler (worn)
Potions
 d - a potion of might
 e - a potion of heal wounds {unknown}
 h - a potion of lignification
 k - a potion of enlightenment {unknown}

Dungeon Overview and Level Annotations

Branches:
Dungeon (2/15)

Altars:


Message History

You barely miss something. The hound bites you but does no damage.
Something hits you but does no damage. The hound bites you.
You hit the hound.
The hound is severely wounded.
You closely miss something. Something hits you but does no damage.
The hound bites you but does no damage. x2
Something hits you but does no damage.
You hit the hound but do no damage.
The hound is severely wounded.
You barely miss something. The hound bites you. Something hits you.
The hound bites you but does no damage.
You closely miss the hound.
The hound is severely wounded.
You miss something. The hound closely misses you.
You hear some strange, mumbled words.
You are confused.
The hound bites you but does no damage.
You hear some strange, mumbled words.
Something tries to affect you, but you resist.
The hound bites you but does no damage. Something hits you but does no damage.
The hound bites you. The hound closely misses you.
Something hits you but does no damage. The hound bites you but does no damage.
The hound closely misses you. Something hits you. The hound closely misses you.
Something hits you but does no damage.
You feel less confused. The hound barely misses you.
You block the hound's attack. You block something's attack.
You barely miss the hound.
The hound is severely wounded.
You hit something. The hound bites you but does no damage. Something hits you.
The hound bites you but does no damage.
You hit the hound.
The hound is severely wounded.
You miss something. The hound bites you.
You die...

....... .#.#.#
#.#.....## #.#
..... #.# ...?#
..##.###.#.# #
7..wh..w...# #.~
#.##h{#
#~P~.##.##@)#
.~~~..).....#
#.~7..###...#####
####. #.......)
......###...#####
###.)...)###
#.######


You could see a hound and a dart slug.

Vanquished Creatures
  An adder (D:4)
  2 orcs (D:4)
  4 bats (D:1)
  A giant cockroach (D:1)
  A goblin (D:4)
  2 hobgoblins (D:1)
  3 jackals (D:4)
  2 kobolds (D:1)
  2 quokkas (D:1)
  5 ball pythons (D:1)
  2 frilled lizards (D:1)
  3 rats (D:1)
28 creatures vanquished.

Notes
Turn   | Place    | Note
-------+----------+-------------------------------------------
     0 | D:1      | qw the Gargoyle Fighter began the quest for the Orb.
     0 | D:1      | Reached XP level 1. HP: 14/14 MP: 1/1
     0 | D:1      | 0 ||| qw: Version: 0.2-a-29-g511e9b1
     0 | D:1      | 0 ||| qw: Game counter: 5749
     0 | D:1      | 0 ||| qw: Always use a shield: true
     0 | D:1      | 0 ||| qw: God list: Okawaru
     0 | D:1      | 0 ||| qw: Allow faded altars: false
     0 | D:1      | 0 ||| qw: Do Orc after D:15 true
     0 | D:1      | 0 ||| qw: Do second Lair branch before Depths: true
     0 | D:1      | 0 ||| qw: Lair rune preference: random
     0 | D:1      | 0 ||| qw: Plans: Normal, Zot:1-4, Slime:5, God:TSO, Crypt,
                  | Tomb, Abyss, Pan, Hells, Win
     0 | D:1      | 0 ||| PLANNING D:1-11
   173 | D:1      | Reached XP level 2. HP: 19/19 MP: 2/2
   486 | D:1      | Reached skill level 3 in Axes
   608 | D:1      | Reached XP level 3. HP: 23/23 MP: 3/3
   668 | D:1      | 668 ||| READING scroll labelled UMIR OT WOA.
   669 | D:1      | 669 ||| READING scroll labelled MUQIYRCHOXEPS.
   670 | D:1      | 670 ||| READING scroll labelled IRUSHR XUKYLL.
   671 | D:1      | 671 ||| DRINKING 2 bubbling white potions.
   716 | D:2      | You fall into a shaft and drop 2 floors!
   717 | D:4      | 717 ||| PLANNING SEWER
   750 | D:4      | 750 ||| Stepping ~*~*~tactically~*~*~ (hiding).
   758 | D:4      | 758 ||| Stepping ~*~*~tactically~*~*~ (hiding).
   778 | D:4      | HP: 4/23 [something (3)]
   782 | D:4      | Slain by a hound

Levels and vault maps discovered:
D:1:      minmay_arrival_stone_box, layout_loops_ring
D:2:      layout_basic, serial_shops, shop, uniq_jessica, uniq_robin
D:4:      layout_loops_ring, portal_sewer_entry_d, serial_shops,
          nicolae_shop_behind_doors, nicolae_specific_store,
          serial_bayou_pond_e, serial_park_tiny_pond, uniq_sigmund

Skill      XL: |  1  2 |
---------------+-------+-----
Axes           | 2 3 |  3.5
Fighting       | |  3.2
Armour         | |  3.2
Shields        | |  3.2

Action                     || total
---------------------------++-------
  Melee: War axe           ||    79
    Use: Scroll            ||     3
         Potion            ||     1
 Armour: Scale mail        ||    60
  Dodge: Dodged            ||    36
  Block: Buckler           ||    15

Table legend:
 A = Non-vault XP
 B = Vault XP
 C = Vault XP percentage of total XP
 D = Non-vault monster count
 E = Vault monster count
 F = Vault count percentage of total count
                 A         B        C        D         E       F
            +---------+---------+-------+---------+---------+-------
      Total |      61 |       0 |   0.0 |      28 |       0 |   0.0
            +---------+---------+-------+---------+---------+-------
        D:1 |      34 |       0 |   0.0 |      21 |       0 |   0.0
        D:4 |      27 |       0 |   0.0 |       7 |       0 |   0.0
            +---------+---------+-------+---------+---------+-------
